Map: Ruby Rock LE

Players

Lambo - Winner!

  • Race: Zerg Zerg
  • League: Master
  • Spawn Location: 11:00

lIlIllIIlIlI

  • Race: Terran Terran
  • League: Master
  • Spawn Location: 5:00

VOD

Have the link to the VOD?

Description

Time

  • Played on: Jan. 7, 2026, 6:56 a.m.
  • Length: 16:04
Show
View Real Time Build Order
Export as new Build Order

Lambo Zerg - Winner!

Build Orders: Hatch First 

Get SALT Encoding   

  12  0:00  Drone  
  13  0:08  Drone  
  14  0:14  Extractor, Drone  
  14  0:21  Overlord  
  15  0:39  Drone  
  16  0:44  Hatchery  
  16  0:48  Drone  
  16  0:51  Drone  
  16  0:55  Drone  
  18  1:05  Extractor  
  18  1:10  Spawning Pool  
  16  1:13  Drone  
  16  1:16  Drone  
  18  1:26  Drone  
  19  1:38  Drone  
  20  1:48  Drone  
  21  1:57  Queen x2  
  21  1:58  Zergling x4  
  27  2:13  Hatchery  
  26  2:17  Overlord  
  26  2:21  Drone  
  27  2:24  Drone  
  27  2:37  Drone x3  
  27  2:41  Queen  
  32  2:45  Overlord  
  32  2:49  Metabolic Boost  
  32  2:55  Drone x2  
  34  2:59  Drone  
  35  3:06  Drone x4  
  35  3:10  Drone x2  
  41  3:19  Queen  
  43  3:21  Overlord  
  43  3:26  Queen  
  45  3:28  Drone  
  45  3:30  Drone  
  45  3:32  Drone  
  48  3:37  Drone  
  49  3:42  Overlord  
  49  3:43  Drone x4  
  49  3:47  Overlord  
  53  3:49  Overlord  
  53  3:52  Evolution Chamber  
  53  3:54  Zergling x2  
  54  4:01  Drone x6  
  59  4:05  Queen  
  61  4:10  Queen  
  61  4:14  Zergling x4  
  61  4:15  Drone  
  66  4:18  Drone x2  
  66  4:20  Drone x2  
  70  4:24  Drone x2  
  70  4:29  Zergling x2  
  70  4:30  Lair  
  73  4:34  Extractor, Drone x3  
  73  4:35  Evolution Chamber  
  73  4:36  Drone x2  
  76  4:39  Drone x2  
  76  4:41  Drone x2  
  80  4:51  Hatchery  
  80  4:52  Spore Crawler  
  78  4:53  Spore Crawler x2  
  78  4:54  Zergling x4  
  78  4:56  Drone x2  
  80  5:00  Drone  
  80  5:01  Zerg Melee Weapons Level 1  
  80  5:04  Drone  
  80  5:05  Extractor, Baneling Nest  
  81  5:07  Drone x3, Extractor  
  81  5:10  Overlord  
  82  5:15  Evolution Chamber  
  82  5:18  Queen, Extractor  
  82  5:21  Overlord  
  82  5:24  Overlord  
  84  5:28  Zergling x4  
  84  5:30  Drone x6  
  84  5:33  Overseer  
  90  5:37  Overlord  
  90  5:39  Overlord  
  90  5:40  Overlord  
  90  5:41  Overlord  
  90  5:42  Overlord  
  89  5:43  Drone  
  89  5:46  Zerg Ground Armor Level 1  
  89  5:47  Drone x2  
  92  5:51  Drone x3  
  92  5:55  Centrifugal Hooks  
  95  5:59  Drone x3  
  95  6:01  Drone  
  95  6:02  Drone  
  100  6:07  Drone x2  
  100  6:11  Zergling x10  
  107  6:12  Hatchery  
  107  6:17  Zergling x10  
  111  6:23  Infestation Pit  
  109  6:29  Drone x5  
  109  6:30  Spore Crawler  
  109  6:31  Baneling x3  
  111  6:33  Zergling x12  
  111  6:37  Overlord  
  111  6:38  Baneling x6  
  111  6:39  Overlord  
  117  6:41  Zergling x2  
  117  6:42  Zergling x8  
  122  6:50  Overlord  
  122  6:51  Drone x2  
  122  6:52  Drone, Overlord  
  122  6:53  Zergling x2  
  126  6:55  Baneling x2  
  126  6:56  Zergling x2  
  126  6:57  Zerg Melee Weapons Level 2  
  126  6:59  Hive  
  126  7:00  Zergling x8  
  131  7:03  Zergling x6  
  131  7:07  Zergling x4  
  136  7:12  Zergling x14  
  143  7:19  Zergling x6  
  143  7:21  Baneling x5  
  143  7:22  Hatchery  
  144  7:23  Zergling x2  
  144  7:26  Zergling x2  
  144  7:27  Zergling x2  
  144  7:28  Zergling x8  
  141  7:34  Zergling x6  
  141  7:35  Zergling x2  
  121  7:40  Zergling x12  
  121  7:44  Drone x5  
  130  7:46  Extractor  
  130  7:47  Drone  
  130  7:48  Zerg Ground Armor Level 2  
  130  7:53  Zergling x6  
  130  7:54  Baneling x3  
  130  7:56  Pneumatized Carapace  
  131  7:59  Zergling x10  
  131  8:04  Drone x2  
  138  8:09  Spore Crawler  
  138  8:11  Zergling x12  
  142  8:14  Baneling x3  
  142  8:15  Zergling x2  
  142  8:16  Zergling x10  
  142  8:17  Overseer  
  147  8:21  Zergling x10  
  147  8:22  Baneling x4  
  147  8:27  Zergling x6  
  155  8:29  Adrenal Glands  
  155  8:32  Ultralisk Cavern, Spore Crawler  
  155  8:33  Zergling x10  
  158  8:40  Zergling x12  
  164  8:46  Zergling x2  
  164  8:47  Zergling x14  
  172  8:49  Viper x2  
  178  8:59  Zergling x2  
  178  9:00  Zergling x2  
  178  9:02  Overlord  
  179  9:04  Baneling x2  
  179  9:09  Overlord  
  177  9:13  Zerg Melee Weapons Level 3  
  177  9:14  Overlord  
  177  9:18  Overlord  
  177  9:19  Drone x3  
  177  9:24  Zergling x16  
  188  9:27  Overlord  
  188  9:31  Chitinous Plating  
  187  9:33  Ultralisk  
  187  9:36  Baneling x2  
  187  9:37  Zergling x20  
  197  9:42  Overlord  
  197  9:45  Zergling x6  
  200  9:48  Overseer  
  194  9:55  Zergling x30  
  197  10:00  Zergling x6  
  184  10:08  Zergling x38  
  192  10:15  Ultralisk  
  191  10:27  Drone, Zergling x22  
  147  10:37  Ultralisk x4  
  147  10:38  Ultralisk  
  147  10:42  Zergling x20  
  170  10:47  Zergling x2  
  170  10:48  Zergling x4  
  163  10:59  Hatchery  
  163  11:00  Ultralisk  
  163  11:02  Zergling x8  
  168  11:11  Zergling x14  
  174  11:16  Zergling x12  
  174  11:17  Zergling x2  
  169  11:19  Zergling x2  
  169  11:21  Infestor  
  169  11:25  Infestor  
  170  11:27  Zergling x2  
  170  11:28  Zergling x4  
  149  11:33  Zergling x10  
  154  11:40  Zergling x2  
  154  11:41  Zergling x4  
  154  11:46  Ultralisk, Zergling x2  
  159  11:52  Zergling x8  
  146  12:03  Hatchery  
  146  12:06  Ultralisk  
  150  12:13  Ultralisk  
  150  12:15  Infestor  
  158  12:22  Zerg Ground Armor Level 3  
  158  12:33  Infestor  
  160  12:38  Hatchery  
  160  12:42  Baneling x2  
  160  12:43  Zergling x10  
  164  12:49  Anabolic Synthesis  
  164  12:56  Ultralisk  
  170  13:00  Zergling x6  
  173  13:08  Extractor  
  173  13:10  Spire  
  173  13:11  Zergling x10  
  176  13:17  Zergling x6  
  179  13:24  Zergling x10  
  179  13:25  Zergling x4  
  186  13:27  Baneling  
  186  13:28  Baneling  
  186  13:30  Burrow  
  186  13:33  Baneling x8  
  186  13:34  Zergling x2  
  187  13:44  Zergling x14  
  189  13:51  Spore Crawler  
  189  13:55  Drone x2  
  190  13:57  Infestor  
  190  13:59  Ultralisk  
  197  14:08  Overlord  
  193  14:18  Hatchery  
  193  14:21  Zergling x20  
  169  14:35  Zergling x10  
  157  14:41  Zergling x2  
  157  14:43  Infestor x2  
  155  14:51  Zergling x4  
  151  14:55  Drone x6, Spore Crawler  
  151  14:57  Zergling x6  
  159  15:05  Drone x2  
  159  15:06  Drone  
  155  15:08  Drone x2  
  155  15:19  Zergling x12  
  157  15:36  Zergling x14  
Show
View Real Time Build Order
Export as new Build Order

lIlIllIIlIlI Terran 

Build Orders: Reaper Expand, Hellion Banshee 

Get SALT Encoding   

  12  0:00  SCV  
  13  0:12  SCV  
  14  0:17  Supply Depot  
  14  0:24  SCV  
  15  0:38  SCV  
  15  0:40  Barracks  
  16  0:43  Refinery  
  16  0:50  SCV  
  17  1:03  SCV  
  18  1:15  SCV  
  19  1:27  Orbital Command  
  19  1:28  Reaper  
  20  1:39  Command Center  
  20  1:47  Supply Depot  
  20  1:53  SCV  
  21  1:59  Marine  
  22  2:05  SCV  
  23  2:11  Factory  
  23  2:17  SCV  
  23  2:21  Barracks Reactor  
  24  2:29  SCV  
  25  2:40  Command Center  
  25  2:41  SCV  
  26  2:51  Orbital Command  
  26  2:53  SCV  
  26  2:58  Starport  
  27  3:05  SCV  
  27  3:11  Hellion  
  27  3:12  Hellion  
  32  3:15  Refinery  
  32  3:19  SCV x2  
  34  3:20  Barracks Tech Lab  
  34  3:31  SCV x2  
  38  3:34  Hellion x2  
  40  3:43  SCV x2  
  40  3:44  Banshee  
  40  3:47  Marine  
  46  3:53  Orbital Command  
  46  3:55  SCV x2  
  48  4:02  Cloaking Field  
  48  4:07  Hellion x2  
  48  4:09  Supply Depot, SCV x2  
  54  4:10  Barracks Tech Lab  
  54  4:20  Orbital Command  
  54  4:21  SCV x2  
  56  4:27  Banshee  
  56  4:29  Marine  
  56  4:31  Supply Depot  
  60  4:33  SCV  
  60  4:34  SCV  
  60  4:36  Factory Reactor  
  60  4:38  Barracks  
  62  4:41  Barracks  
  62  4:45  SCV  
  62  4:46  SCV  
  62  4:48  SCV  
  62  4:50  Marine, Refinery, Stimpack  
  62  4:51  Refinery  
  66  4:57  Supply Depot  
  66  4:58  SCV x2  
  68  5:00  SCV  
  68  5:05  Engineering Bay  
  68  5:06  Engineering Bay  
  69  5:08  Marine  
  69  5:10  SCV x2  
  69  5:12  SCV  
  73  5:20  Supply Depot  
  73  5:22  SCV x2  
  73  5:25  SCV, Marine  
  77  5:28  Barracks  
  77  5:32  Barracks  
  77  5:33  Starport Reactor  
  77  5:34  SCV x2  
  79  5:36  Marine x4  
  79  5:37  SCV  
  79  5:42  Supply Depot  
  84  5:43  Marine  
  84  5:46  Siege Tank  
  84  5:48  Terran Infantry Weapons Level 1, Terran Infantry Armor Level 1  
  88  5:52  Supply Depot, SCV x2  
  88  5:55  SCV  
  91  5:59  Supply Depot  
  91  6:01  Marine x2  
  91  6:03  Marine x3  
  96  6:08  SCV x3  
  99  6:11  Supply Depot  
  99  6:12  Supply Depot  
  99  6:13  Medivac  
  99  6:15  Medivac  
  103  6:19  Barracks Reactor  
  103  6:20  Barracks Reactor, Siege Tank  
  103  6:22  SCV x2  
  103  6:23  SCV  
  109  6:31  Marine x5  
  114  6:35  Supply Depot  
  114  6:37  Supply Depot  
  114  6:38  Refinery  
  114  6:40  Combat Shield  
  114  6:42  Missile Turret  
  114  6:43  Armory, SCV  
  114  6:44  SCV x2  
  117  6:49  Marine x4  
  121  6:55  Siege Tank, Marine  
  121  6:56  Medivac  
  121  7:00  Marine  
  128  7:05  Missile Turret  
  128  7:09  Marine x4  
  128  7:10  Command Center  
  128  7:14  Medivac  
  134  7:19  Marine x5  
  139  7:26  Marine  
  139  7:27  Siege Tank, Marine x3  
  106  7:37  Marine x5  
  108  7:44  Terran Infantry Weapons Level 2, Barracks, Marine  
  108  7:45  Barracks x2, Terran Infantry Armor Level 2, Marine  
  110  7:53  Marine x2  
  110  7:55  Marine  
  113  8:00  Marine x2  
  113  8:03  Concussive Shells  
  115  8:10  Marine x2  
  115  8:11  Medivac x2, Marine x2  
  123  8:17  Supply Depot  
  123  8:18  Supply Depot, Marauder  
  123  8:19  Supply Depot  
  125  8:23  Marine x2, Marauder  
  125  8:24  Widow Mine x2  
  133  8:28  Marine x2  
  135  8:36  Barracks Tech Lab x3  
  135  8:37  Marine x2  
  135  8:39  Marauder  
  135  8:41  SCV x3, Marine x2, Medivac x2  
  144  8:44  Supply Depot  
  144  8:45  Marauder, Supply Depot, Widow Mine  
  144  8:46  Widow Mine  
  154  8:48  Marine x2  
  156  9:01  Marauder  
  158  9:03  Planetary Fortress  
  158  9:06  Marauder  
  158  9:07  Marine x5, Marauder x3  
  171  9:10  Widow Mine x2  
  171  9:11  Medivac x2  
  177  9:19  Marine  
  177  9:22  Marauder  
  180  9:25  Marine x5  
  180  9:27  Marauder  
  180  9:28  Marauder x2  
  180  9:29  Marauder  
  193  9:37  Marine  
  194  9:44  Marauder  
  190  9:48  Marine x2  
  190  9:49  Marine x3, Marauder  
  190  9:50  Marauder  
  197  9:54  Medivac x2, Widow Mine  
  197  9:55  Widow Mine, Marine  
  197  9:57  Marauder x2  
  194  10:04  Marine  
  194  10:06  Marine x4  
  194  10:07  Marine  
  181  10:10  Marauder  
  181  10:11  Marauder  
  181  10:13  Marine  
  165  10:14  SCV x2  
  165  10:15  SCV x2  
  165  10:16  Command Center  
  165  10:18  Marine  
  169  10:22  Marine, Marauder  
  169  10:24  Marine x5  
  170  10:35  Widow Mine x2, Medivac x2  
  170  10:44  Marine x2, Marauder  
  174  10:52  Command Center  
  171  11:05  Terran Infantry Weapons Level 3, Terran Infantry Armor Level 3  
  171  11:16  Marine x2  
  171  11:17  Marine, Marauder  
  173  11:18  Marauder  
  173  11:19  Marine  
  173  11:23  Marine x4  
  173  11:24  Marauder  
  141  11:34  Marine x3  
  142  11:45  Marine  
  142  11:46  Marauder  
  133  11:47  Marauder  
  114  11:57  Marauder  
  115  12:01  Liberator  
  115  12:07  Liberator  
  121  12:12  Marauder, Marine  
  124  12:31  Supply Depot  
  124  12:33  Supply Depot  
  124  12:41  Sensor Tower  
  124  12:42  Supply Depot  
  124  12:52  Liberator x2  
  124  12:53  Marauder  
  124  12:55  Widow Mine x2, Marauder x2  
  124  12:56  Supply Depot  
  140  13:00  Supply Depot  
  140  13:07  Supply Depot  
  140  13:10  Marauder x2  
  144  13:15  Marine x4  
  144  13:16  Marine  
  144  13:17  Marine  
  144  13:18  Widow Mine x2  
  154  13:30  Marine x2  
  154  13:31  Marauder x2, Marine  
  161  13:40  Liberator x2  
  165  13:50  Marauder x2  
  170  13:58  Marine  
  170  13:59  Marauder  
  170  14:00  Marine  
  170  14:01  Supply Depot  
  170  14:02  Supply Depot  
  172  14:19  Marine x4, Marauder x2  
  180  14:26  Orbital Command  
  180  14:28  Marine x3  
  180  14:29  Marauder  
  142  14:36  Marine  
  111  14:45  Marauder  
  105  14:56  Marauder  
  105  14:57  Marauder  
  107  15:12  Marauder x2  
  107  15:14  Marine x3  
  100  15:32  Marine, Marauder x3  
  107  15:41  Marauder x2  
  107  15:42  Marine x2  
Tags
 
Add a new tag
Caveats
  • Supply blocks, unpowered buildings, or Contaminate may cause inaccurate times.
  • Supply counts are checked every 10 seconds.